Map: Ruins of Seras

Players

oliM - Winner!

  • Race: Protoss Protoss
  • League: Grandmaster

Scarlett

  • Race: Protoss Protoss
  • League: Master

VOD

Have the link to the VOD?

Description

Time

  • Played on: March 23, 2016, 12:05 a.m.
  • Length: 5:37
Show
View Real Time Build Order
Export as new Build Order

oliM Protoss - Winner!

Build Orders: Oracle Opening 

Get SALT Encoding   

  12  0:01  Probe (Chrono Boost)  
  13  0:12  Probe (Chrono Boost)  
  14  0:20  Pylon  
  14  0:22  Probe (Chrono Boost)  
  15  0:38  Probe (Chrono Boost)  
  15  0:40  Gateway  
  16  0:48  Probe (Chrono Boost)  
  17  0:53  Assimilator  
  17  0:58  Assimilator  
  17  0:59  Probe (Chrono Boost)  
  18  1:10  Probe (Chrono Boost)  
  19  1:14  Gateway  
  19  1:20  Probe (Chrono Boost)  
  20  1:28  Cybernetics Core  
  20  1:31  Probe (Chrono Boost)  
  21  1:41  Pylon  
  21  1:47  Probe (Chrono Boost)  
  22  1:57  Probe (Chrono Boost)  
  23  2:07  Stalker (Chrono Boost)  
  25  2:08  Probe  
  25  2:09  Stalker (Chrono Boost)  
  28  2:17  Warp Gate (Chrono Boost)  
  28  2:25  Stargate  
  29  2:38  Stalker (Chrono Boost)  
  29  2:41  Stalker (Chrono Boost)  
  31  3:03  Pylon  
  31  3:11  Pylon  
  31  3:21  Oracle (Chrono Boost)  
  31  3:23  Gateway  
  31  3:25  Stalker  
  36  3:34  Stalker  
  38  3:47  Pylon  
  38  3:52  Oracle (Chrono Boost)  
  41  4:18  Stalker x3  
  43  4:33  Probe  
  41  4:42  Stalker x2  
  45  4:45  Stalker  
  43  5:12  Stalker x3  
Show
View Real Time Build Order
Export as new Build Order

Scarlett Protoss 

Build Orders: 1 Gate Expand 

Get SALT Encoding   

  12  0:01  Probe (Chrono Boost)  
  13  0:12  Probe (Chrono Boost)  
  14  0:22  Probe (Chrono Boost)  
  14  0:25  Pylon  
  15  0:43  Probe (Chrono Boost)  
  15  0:44  Gateway  
  15  0:48  Assimilator  
  16  0:54  Probe (Chrono Boost)  
  17  1:04  Probe (Chrono Boost)  
  18  1:15  Probe (Chrono Boost)  
  19  1:24  Nexus  
  19  1:26  Probe (Chrono Boost)  
  20  1:37  Cybernetics Core  
  20  1:39  Probe (Chrono Boost)  
  21  1:45  Assimilator  
  21  1:51  Probe (Chrono Boost)  
  22  1:58  Gateway  
  22  2:06  Pylon  
  22  2:12  Probe (Chrono Boost)  
  23  2:24  Mothership Core (Chrono Boost), Stalker (Chrono Boost)  
  27  2:35  Warp Gate  
  27  2:41  Pylon  
  27  2:50  Stalker x2 (Chrono Boost)  
  31  2:54  Probe (Chrono Boost)  
  31  2:57  Probe (Chrono Boost)  
  33  3:05  Probe (Chrono Boost)  
  34  3:07  Probe (Chrono Boost)  
  35  3:18  Stargate  
  34  3:20  Probe (Chrono Boost)  
  34  3:25  Stalker (Chrono Boost)  
  34  3:26  Probe (Chrono Boost)  
  37  3:31  Probe  
  39  3:36  Stalker (Chrono Boost)  
  41  3:50  Stalker (Chrono Boost)  
  43  3:59  Probe  
  43  4:02  Phoenix (Chrono Boost)  
  46  4:04  Probe  
  46  4:06  Pylon  
  46  4:08  Assimilator  
  47  4:11  Probe  
  47  4:16  Probe  
  49  4:23  Probe  
  46  4:34  Probe  
  46  4:35  Probe  
  46  4:46  Probe  
  46  4:47  Probe  
  46  4:51  Phoenix (Chrono Boost)  
  50  4:54  Stalker  
  50  4:55  Stalker  
  50  4:58  Probe  
  42  5:18  Stalker x2  
  42  5:20  Probe  
Tags
 
Add a new tag
Caveats
  • Supply blocks, unpowered buildings, or Contaminate may cause inaccurate times.
  • Supply counts are checked every 10 seconds.